PBL
OAKLAND OAKS @ AMARILLO THUNDERHEADS
09/30/2049
 
TOP OF THE 1ST
Oakland Oaks batting - Pitching for Amarillo ThunderHeads : RHP Shane Ford
Pitching: RHP Shane Ford
Batting: LHB Bill Helmer 0-0: Ball
1-0: Called Strike
1-1: Ball
2-1: Called Strike
2-2: Strikes out swinging
Batting: RHB Robby Britton 0-0: SOLO HOME RUN (Flyball, 78XD, EV 99.4 MPH), Distance : 395 ft
Batting: LHB Justin LeFlore 0-0: Ball
1-0: Ball
2-0: SINGLE (Line Drive, 8LS, EV 94.4 MPH)
Batting: SHB Chris King 0-0: Fly out, F7 (Flyball, 7D, EV 104.4 MPH)
Batting: RHB Moises Guzman 0-0: Ball
1-0: Called Strike
1-1: 2-RUN HOME RUN (Flyball, 7D, EV 98.8 MPH), Distance : 380 ft
Batting: RHB Mario Medina 0-0: Ball
1-0: Ball
2-0: Called Strike
2-1: Swinging Strike
2-2: Strikes out swinging
Top of the 1st over - 3 runs, 3 hits, 0 errors, 0 left on base; Oakland 3 - Amarillo 0
BOTTOM OF THE 1ST
Amarillo ThunderHeads batting - Pitching for Oakland Oaks : RHP Ricky Mendoza
Pitching: RHP Ricky Mendoza
Batting: LHB Tony Cisneros 0-0: Ground out U3 (Groundball, 3S, EV 88.1 MPH)
Batting: LHB Mike Gruszewski 0-0: Foul Ball, location: 2F
0-1: Hit by Pitch
Batting: RHB Eric Camillo 0-0: Called Strike
0-1: Ball
1-1: Ball
2-1: Called Strike
2-2: Foul Ball, location: 2F
2-2: SINGLE (Groundball, 5D, EV 106.2 MPH)
Mike Gruszewski to second
Batting: LHB Thie Hofmann 0-0: Called Strike
0-1: Foul Ball, location: 2F
0-2: Ball
1-2: Strikes out swinging
Batting: RHB Shi-fu Cuan 0-0: Called Strike
0-1: SINGLE (Groundball, 5S, EV 73.8 MPH) (infield hit)
Mike Gruszewski to third
Eric Camillo to second
Batting: RHB Jorge Balderama 0-0: Swinging Strike
0-1: Called Strike
0-2: Ball
1-2: Strikes out looking
Bottom of the 1st over - 0 runs, 2 hits, 0 errors, 3 left on base; Oakland 3 - Amarillo 0
TOP OF THE 2ND
Oakland Oaks batting - Pitching for Amarillo ThunderHeads : RHP Shane Ford
Batting: RHB Edwin Nunez 0-0: Ball
1-0: Foul Ball, location: 2F
1-1: Foul Ball, location: 2F
1-2: Ball
2-2: Strikes out swinging
Batting: RHB Jack Stadner 0-0: Ball
1-0: Called Strike
1-1: Ball
2-1: Called Strike
2-2: Ball
3-2: Base on Balls
Batting: RHB Matt Nehman 0-0: Ball
Jack Stadner steals 2nd base
1-0: Foul Ball, location: 2F
1-1: SINGLE (Line Drive, 78S, EV 104.4 MPH)
Jack Stadner to third
Batting: LHB Bill Helmer 0-0: Called Strike
0-1: Ball
1-1: Ball
2-1: Called Strike
2-2: Foul Ball, location: 2F
2-2: Ball
3-2: Foul Ball, location: 2F
3-2: Strikes out swinging
Batting: RHB Robby Britton 0-0: Swinging Strike
0-1: Swinging Strike
0-2: Ball
1-2: Strikes out swinging
Top of the 2nd over - 0 runs, 1 hit, 0 errors, 2 left on base; Oakland 3 - Amarillo 0
BOTTOM OF THE 2ND
Amarillo ThunderHeads batting - Pitching for Oakland Oaks : RHP Ricky Mendoza
Batting: RHB Jerry Olson 0-0: Called Strike
0-1: Foul Ball, location: 2F
0-2: Strikes out swinging
Batting: RHB Eddie Vanderjagt 0-0: Foul Ball, location: 2F
0-1: Ball
1-1: Foul Ball, location: 2F
1-2: Ball
2-2: Ball
3-2: Base on Balls
Batting: RHB Dennis Underwood 0-0: Called Strike
0-1: Foul Ball, location: 2F
0-2: Ball
1-2: Strikes out swinging
Batting: LHB Tony Cisneros 0-0: Ball
1-0: Called Strike
Eddie Vanderjagt steals 2nd base
1-1: Foul Ball, location: 2F
1-2: Foul Ball, location: 2F
1-2: Foul Ball, location: 2F
1-2: Foul Ball, location: 2F
1-2: Ball
2-2: Foul Ball, location: 2F
2-2: Foul Ball, location: 2F
2-2: Fly out, F7 (Flyball, 7, EV 86.9 MPH)
Bottom of the 2nd over - 0 runs, 0 hits, 0 errors, 1 left on base; Oakland 3 - Amarillo 0
TOP OF THE 3RD
Oakland Oaks batting - Pitching for Amarillo ThunderHeads : RHP Shane Ford
Batting: LHB Justin LeFlore 0-0: Reached on error, E6 (Groundball, 6, EV 103.8 MPH)
Batting: SHB Chris King 0-0: Ball
1-0: Called Strike
1-1: Fly out, F2 (Popup, 15S, EV 89.4 MPH)
Batting: RHB Moises Guzman 0-0: Foul Ball, location: 2F
0-1: Ball
1-1: Ground out 6-3 (Groundball, 6, EV 91.9 MPH)
Justin LeFlore to third
Batting: RHB Mario Medina 0-0: SINGLE (Groundball, 56, EV 103.1 MPH)
Justin LeFlore scores
Batting: RHB Edwin Nunez 0-0: Foul Ball, location: 2F
0-1: Fly out, F4 (Popup, 3S, EV 81.2 MPH)
Top of the 3rd over - 1 run, 1 hit, 1 error, 1 left on base; Oakland 4 - Amarillo 0
BOTTOM OF THE 3RD
Amarillo ThunderHeads batting - Pitching for Oakland Oaks : RHP Ricky Mendoza
Batting: LHB Mike Gruszewski 0-0: Swinging Strike
0-1: Foul Ball, location: 2F
0-2: Ball
1-2: SINGLE (Groundball, 4MD, EV 103.8 MPH)
Batting: RHB Eric Camillo 0-0: Called Strike
0-1: Grounds into double play, 5-4-3 (Groundball, 56S, EV 83.8 MPH)
Batting: LHB Thie Hofmann 0-0: Ball
1-0: Foul Ball, location: 2F
1-1: Called Strike
1-2: Ball
2-2: Strikes out swinging
Bottom of the 3rd over - 0 runs, 1 hit, 0 errors, 0 left on base; Oakland 4 - Amarillo 0
TOP OF THE 4TH
Oakland Oaks batting - Pitching for Amarillo ThunderHeads : RHP Shane Ford
Batting: RHB Jack Stadner 0-0: Ball
1-0: Called Strike
1-1: Foul Ball, location: 2F
1-2: Ball
2-2: Strikes out looking
Batting: RHB Matt Nehman 0-0: Called Strike
0-1: Swinging Strike
0-2: Foul Ball, location: 2F
0-2: Strikes out swinging
Batting: LHB Bill Helmer 0-0: Ball
1-0: Ball
2-0: Fly out, F8 (Line Drive, 8RD, EV 91.9 MPH)
Top of the 4th over - 0 runs, 0 hits, 0 errors, 0 left on base; Oakland 4 - Amarillo 0
BOTTOM OF THE 4TH
Amarillo ThunderHeads batting - Pitching for Oakland Oaks : RHP Ricky Mendoza
Batting: RHB Shi-fu Cuan 0-0: Ball
1-0: Called Strike
1-1: Ball
2-1: Foul Ball, location: 2F
2-2: Strikes out swinging
Batting: RHB Jorge Balderama 0-0: Ball
1-0: Ground out 6-3 (Groundball, 6, EV 96.9 MPH)
Batting: RHB Jerry Olson 0-0: Called Strike
0-1: Called Strike
0-2: Hit by Pitch
Batting: RHB Eddie Vanderjagt 0-0: Called Strike
Jerry Olson is caught stealing 2nd base 2-4
Bottom of the 4th over - 0 runs, 0 hits, 0 errors, 0 left on base; Oakland 4 - Amarillo 0
TOP OF THE 5TH
Oakland Oaks batting - Pitching for Amarillo ThunderHeads : RHP Shane Ford
Batting: RHB Robby Britton 0-0: Ball
1-0: Ball
2-0: Ball
3-0: Base on Balls
Batting: LHB Justin LeFlore 0-0: Ball
1-0: Ball
2-0: Ball
3-0: Called Strike
3-1: Fielders Choice at 2nd, U6 (Groundball, 4M, EV 86.2 MPH)
Batting: SHB Chris King 0-0: Called Strike
Justin LeFlore is caught stealing 2nd base 2-6
0-1: Ball
1-1: SINGLE (Groundball, 56D, EV 98.1 MPH)
Batting: RHB Moises Guzman 0-0: Called Strike
0-1: Ball
1-1: Ball
2-1: Foul Ball, location: 2F
2-2: Ball
3-2: Strikes out swinging
Top of the 5th over - 0 runs, 1 hit, 0 errors, 1 left on base; Oakland 4 - Amarillo 0
BOTTOM OF THE 5TH
Amarillo ThunderHeads batting - Pitching for Oakland Oaks : RHP Ricky Mendoza
Batting: RHB Eddie Vanderjagt 0-0: Called Strike
0-1: SINGLE (Line Drive, 3D, EV 98.8 MPH)
Batting: RHB Dennis Underwood 0-0: Ball
1-0: Called Strike
1-1: Called Strike
1-2: Ball
2-2: Grounds into double play, 6-4-3 (Groundball, 6, EV 85.0 MPH)
Batting: LHB Tony Cisneros 0-0: Ball
1-0: Foul Ball, location: 2F
1-1: Foul Ball, location: 2F
1-2: Strikes out swinging
Bottom of the 5th over - 0 runs, 1 hit, 0 errors, 0 left on base; Oakland 4 - Amarillo 0
TOP OF THE 6TH
Oakland Oaks batting - Pitching for Amarillo ThunderHeads : RHP Shane Ford
Pitching: RHP John Gerdes
Batting: RHB Mario Medina 0-0: Ball
1-0: Ball
2-0: Swinging Strike
2-1: Foul Ball, location: 2F
2-2: Ball
3-2: Foul Ball, location: 2F
3-2: Strikes out swinging
Batting: RHB Edwin Nunez 0-0: Called Strike
0-1: Swinging Strike
0-2: Strikes out swinging
Batting: RHB Jack Stadner 0-0: Swinging Strike
0-1: Swinging Strike
0-2: Strikes out swinging
Top of the 6th over - 0 runs, 0 hits, 0 errors, 0 left on base; Oakland 4 - Amarillo 0
BOTTOM OF THE 6TH
Amarillo ThunderHeads batting - Pitching for Oakland Oaks : RHP Ricky Mendoza
Batting: LHB Mike Gruszewski 0-0: Ball
1-0: Ball
2-0: Called Strike
2-1: Ground out 5-3 (Groundball, 56, EV 104.4 MPH)
Batting: RHB Eric Camillo 0-0: Called Strike
0-1: Ball
1-1: Called Strike
1-2: Foul Ball, location: 2F
1-2: Foul Ball, location: 2F
1-2: Ball
2-2: Foul Ball, location: 2F
2-2: Ball
3-2: Foul Ball, location: 2F
3-2: Ground out 5-3 (Groundball, 56, EV 85.6 MPH)
Batting: LHB Thie Hofmann 0-0: Ball
1-0: Ball
2-0: Foul Ball, location: 2F
2-1: Foul Ball, location: 2F
2-2: Ground out U3 (Groundball, 3, EV 90.0 MPH)
Bottom of the 6th over - 0 runs, 0 hits, 0 errors, 0 left on base; Oakland 4 - Amarillo 0
TOP OF THE 7TH
Oakland Oaks batting - Pitching for Amarillo ThunderHeads : RHP John Gerdes
Batting: RHB Matt Nehman 0-0: Called Strike
0-1: Called Strike
0-2: Foul Ball, location: 2F
0-2: Foul Ball, location: 2F
0-2: Strikes out swinging
Batting: LHB Bill Helmer 0-0: Ball
1-0: Foul Ball, location: 2F
1-1: Swinging Strike
1-2: Strikes out swinging
Batting: RHB Robby Britton 0-0: SOLO HOME RUN (Flyball, 78XD, EV 99.4 MPH), Distance : 385 ft
Batting: LHB Justin LeFlore 0-0: Ball
1-0: Called Strike
1-1: Called Strike
1-2: Foul Ball, location: 2F
1-2: Strikes out swinging
Top of the 7th over - 1 run, 1 hit, 0 errors, 0 left on base; Oakland 5 - Amarillo 0
BOTTOM OF THE 7TH
Amarillo ThunderHeads batting - Pitching for Oakland Oaks : RHP Ricky Mendoza
Batting: RHB Shi-fu Cuan 0-0: Foul Ball, location: 2F
0-1: Ball
1-1: Ball
2-1: Foul Ball, location: 2F
2-2: Ball
3-2: Base on Balls
Batting: RHB Jorge Balderama 0-0: Ball
1-0: Swinging Strike
1-1: Ball
2-1: Fly out, F9 (Flyball, 89M, EV 81.2 MPH)
Batting: RHB Jerry Olson 0-0: Ball
1-0: Fly out, F4 (Line Drive, 4, EV 66.2 MPH)
Batting: RHB Eddie Vanderjagt 0-0: Swinging Strike
0-1: Ball
1-1: Ball
2-1: SINGLE (Groundball, 34D, EV 104.4 MPH)
Shi-fu Cuan to second
Runner from 2nd tries for 3rd, SAFE, throw by RF made to third
Eddie Vanderjagt to second
Batting: RHB Dennis Underwood 0-0: Swinging Strike
0-1: Ball
1-1: Foul Ball, location: 2F
1-2: Strikes out swinging
Bottom of the 7th over - 0 runs, 1 hit, 0 errors, 2 left on base; Oakland 5 - Amarillo 0
TOP OF THE 8TH
Oakland Oaks batting - Pitching for Amarillo ThunderHeads : RHP John Gerdes
Batting: SHB Chris King 0-0: Ground out U3 (Groundball, 3L, EV 85.6 MPH)
Batting: RHB Moises Guzman 0-0: Called Strike
0-1: Ball
1-1: Swinging Strike
1-2: Foul Ball, location: 2F
1-2: Hit by Pitch
Batting: RHB Mario Medina 0-0: Ball
1-0: Ball
2-0: Called Strike
2-1: Foul Ball, location: 2F
2-2: Strikes out swinging
Batting: RHB Edwin Nunez 0-0: Called Strike
0-1: Swinging Strike
0-2: Strikes out swinging
Top of the 8th over - 0 runs, 0 hits, 0 errors, 1 left on base; Oakland 5 - Amarillo 0
BOTTOM OF THE 8TH
Amarillo ThunderHeads batting - Pitching for Oakland Oaks : RHP Ricky Mendoza
Pitching: RHP Paul Ladner
Batting: LHB Tony Cisneros 0-0: Ball
1-0: Ball
2-0: Called Strike
2-1: Swinging Strike
2-2: Strikes out swinging
Batting: LHB Mike Gruszewski 0-0: Ball
1-0: Ball
2-0: SINGLE (Groundball, 4D, EV 107.5 MPH)
Batting: RHB Eric Camillo 0-0: Called Strike
0-1: Ball
1-1: Fly out, F9 (Flyball, 89S, EV 86.9 MPH)
Batting: LHB Thie Hofmann 0-0: Ball
1-0: Ball
2-0: Ball
3-0: Foul Ball, location: 2F
3-1: Called Strike
3-2: Foul Ball, location: 2F
3-2: Fly out, F7 (Flyball, 7S, EV 90.6 MPH)
Bottom of the 8th over - 0 runs, 1 hit, 0 errors, 1 left on base; Oakland 5 - Amarillo 0
TOP OF THE 9TH
Oakland Oaks batting - Pitching for Amarillo ThunderHeads : RHP John Gerdes
Pitching: RHP Adam Montag
Pinch Hitting: RHB Kasey Sands 0-0: Ball
1-0: Called Strike
1-1: Called Strike
1-2: Ball
2-2: Strikes out looking
Batting: RHB Matt Nehman 0-0: Ball
1-0: SINGLE (Groundball, 56D, EV 96.9 MPH)
Batting: LHB Bill Helmer 0-0: Ball
1-0: Ball
2-0: Foul Ball, location: 2F
2-1: Foul Ball, location: 2F
2-2: Fly out, F8 (Flyball, 8RD, EV 95.6 MPH)
Batting: RHB Robby Britton 0-0: Foul Ball, location: 2F
0-1: Ball
1-1: Ball
2-1: Foul Ball, location: 2F
2-2: Strikes out looking
Top of the 9th over - 0 runs, 1 hit, 0 errors, 1 left on base; Oakland 5 - Amarillo 0
BOTTOM OF THE 9TH
Amarillo ThunderHeads batting - Pitching for Oakland Oaks : RHP Paul Ladner
Now at 2B: Alex Vidal
Batting: RHB Shi-fu Cuan 0-0: Ball
1-0: Fly out, F7 (Flyball, 7, EV 80.6 MPH)
Pinch Hitting: RHB Ray Travis 0-0: Called Strike
0-1: Swinging Strike
0-2: Foul Ball, location: 2F
0-2: Ball
1-2: Foul Ball, location: 2F
1-2: Ball
2-2: SINGLE (Groundball, 6MD, EV 98.8 MPH)
Pitching: LHP Trevor Barker
Pinch Hitting: RHB Adrian Quilantan 0-0: Foul Ball, location: 2F
0-1: Foul Ball, location: 2F
0-2: Ball
1-2: Ball
2-2: Strikes out swinging
Batting: RHB Eddie Vanderjagt 0-0: Ground out 5-3 (Groundball, 56S, EV 82.5 MPH)
Bottom of the 9th over - 0 runs, 1 hit, 0 errors, 1 left on base; Oakland 5 - Amarillo 0
Sunday, July 16th , 2023 - OOTP Baseball 24.6 Build 69